 Dungeon Crawl Stone Soup version 0.20.1-1-g8b1a95d (webtiles) character file.

2545 Folque the Destroyer (level 9, -8/54 HPs)
             Began as an Octopode Wizard on Nov 22, 2017.
             Was a Believer of Sif Muna.
             Mangled by a yak (17 damage)
             ... on level 8 of the Dungeon.
             The game lasted 00:38:35 (8827 turns).

Folque the Destroyer (Octopode Wizard)              Turns: 8827, Time: 00:38:37

Health: -8/54      AC:  1    Str:  6    XL:     9   Next: 55%
Magic:  9/18       EV: 13    Int: 29    God:    Sif Muna [**....]
Gold:   305        SH:  5    Dex: 10    Spells: 13/21 levels left

rFire    . . .     SeeInvis .   t - +2 flail (protect)
rCold    . . .     Gourm    .   y - +0 buckler {reflect}
rNeg     + . .     Faith    +   a - +0 hat
rPois    .         Spirit   .   q - amulet of faith
rElec    .         Reflect  +   x - ring of positive energy
rCorr    +         Harm     .   I - ring of resist corrosion
MR       .....                  (no ring)
Stlth    +++.......             (no ring)
Regen    0.2/turn               (no ring)
MPRegen  0.2/turn               (no ring)
                                (no ring)
                                (no ring)

@: brilliant, divine energy
A: almost no armour, stealthy swim, amphibious, 8 rings, constrict 8, camouflage
1, gelatinous body 1
a: Stop Divine Energy, Renounce Religion


You were on level 8 of the Dungeon.
You worshipped Sif Muna.
Sif Muna was pleased with you.
You were not hungry.

You visited 2 branches of the dungeon, and saw 9 of its levels.

You collected 407 gold pieces.
You spent 102 gold pieces at shops.

Inventory:

Hand Weapons
 n - a +0 rapier
 r - a +1 dagger of protection
 t - a +2 flail of protection (weapon)
Missiles
 k - 6 tomahawks (quivered)
Armour
 a - a +0 hat (worn)
 y - a +0 buckler of reflection (worn)
Magical Staves
 d - an uncursed staff of death
 K - an uncursed staff of air {unknown}
Jewellery
 q - an amulet of faith (around mantle)
 x - a ring of positive energy (left tentacle)
 F - a +3 amulet of reflection {unknown}
 I - a ring of resist corrosion (right tentacle)
 L - an uncursed ring of ice
Wands
 v - a wand of lightning (6/15)
 z - a wand of iceblast (9/15)
 G - a wand of flame (16/48)
Scrolls
 e - 12 scrolls of identify
 f - 2 scrolls of amnesia {unknown}
 h - 2 scrolls of enchant armour {unknown}
 j - 2 scrolls of remove curse
 p - 2 scrolls of fog {unknown}
 u - 2 scrolls of magic mapping {unknown}
 B - 2 scrolls of teleportation
 D - 2 scrolls of enchant weapon {unknown}
 E - a scroll of summoning {unknown}
Potions
 i - 2 potions of heal wounds {unknown}
 l - a potion of flight {unknown}
 o - a potion of curing
 s - 2 potions of mutation
 w - a potion of berserk rage {unknown}
 A - a potion of brilliance
 C - 2 potions of lignification {unknown}
 H - a potion of might {unknown}
 J - a potion of resistance {unknown}
Books
 b - a book of Minor Magic

   Spells                             Type                      Level
   a - Magic Dart                     Conjuration                  1
   b - Blink                          Translocation                2
   c - Call Imp                       Summoning                    2
   d - Slow                           Hexes                        2
   e - Conjure Flame                  Conjuration/Fire             3
   f - Mephitic Cloud                 Conjuration/Poison/Air       3
Comestibles
 c - 7 bread rations
 g - 3 meat rations


   Skills:
 - Level 2.0 Fighting
 - Level 2.0 Dodging
 - Level 2.6 Stealth
 - Level 5.3 Shields
 + Level 6.6 Spellcasting
 * Level 8.3 Conjurations
 + Level 2.4 Summonings
 - Level 1.0 Translocations
 - Level 3.2 Poison Magic


You had 13 spell levels left.
You knew the following spells:

 Your Spells              Type           Power        Failure   Level  Hunger
a - Magic Dart            Conj           ####         1%          1    None
b - Call Imp              Summ           #####...     1%          2    None
c - Blink                 Tloc           N/A          1%          2    None
d - Mephitic Cloud        Conj/Pois/Air  #####...     1%          3    None


Dungeon Overview and Level Annotations

Branches:
Dungeon (8/15)             Temple (1/1) D:5
   Lair: D:8-11

Altars:
Ashenzari
Cheibriados
Elyvilon
Fedhas
Gozag
Hepliaklqana
Kikubaaqudgha
Makhleb
Nemelex Xobeh
Okawaru
Qazlal
Ru
Sif Muna
Uskayaw
Vehumet
Xom
Yredelemnul
Zin
The Shining One

Shops:
D:4 =[%

Annotations:
D:4 Thaneod's ghost, novice MiGl
D:5 Grinder


Innate Abilities, Weirdness & Mutations

You cannot wear most types of armour.
You are very stealthy in the water. (Stealth+)
You are amphibious.
You can wear up to eight rings at the same time.
You can use your tentacles to constrict eight enemies at once.
Your skin changes colour to match your surroundings (Stealth+).
Your rubbery body absorbs attacks. (AC +1, EV +1)


Message History

The dream sheep is moderately wounded.
The dream sheep shake their wool and sparkle.
You feel drowsy...
You fall asleep.
The yak seems less confused.
The yak gores you!!!
You wake up.
Ouch! That really hurt!
* * * LOW HITPOINT WARNING * * *
You hear a shout! x3
Casting: Magic Dart
Confirm with . or Enter, or press ? or * to list all spells.
You blink.
An orc comes into view. It is wielding a falchion.
The orc shouts!
An orc, an orc warrior and an orc wizard come into view.
The orc is wielding a staff of power.
A worker ant comes into view.
It was a potion of brilliance.
You feel clever all of a sudden. The yak gores you!
You die...

...#........#..
............#.
#.........a..
##.#....o...#
#..#.....o..##
#......o.o...# ###
###............# #Y..
#....#........##
'..%. ###.###@.##..##
'.PY.Y#..)...Y..##.<#
'..%.≈......YY..# ..#
#.....#...##.#.§###.#
#P≈P. ###.##.....)..#
#≈≈≈ .....#......#
+.P ##.##.##.###.#
##### #.......# #.#
####.########.####
#.#


You could see a yak, an orc warrior, 2 dream sheep, a worker ant, an orc wizard
and 2 orcs.

Vanquished Creatures
  A deep elf mage (D:6)
  Eustachio (D:6)
  A hungry ghost (D:7)
  An ice beast (D:7)
  4 ogres
  A centaur (D:5)
  A big kobold (D:8)
  3 bullfrogs
  A scorpion (D:6)
  2 killer bees (D:7)
  A crimson imp (D:6)
  3 hounds (D:4)
  2 orc priests
  A jelly (D:8)
  Jessica (D:3)
  2 iguanas
  5 orc wizards
  4 worker ants
  3 hound skeletons
  A howler monkey zombie (D:7)
  2 adders
  2 shadow imps
  2 oozes
  An adder skeleton (D:6)
  2 leopard geckos (D:3)
  13 orcs
  2 ball pythons
  12 bats
  9 giant cockroaches
  12 goblins
  8 hobgoblins
  8 kobolds
  4 quokkas
  5 frilled lizards
  8 rats
129 creatures vanquished.

Vanquished Creatures (collateral kills)
  A black bear (D:8)
  An orc warrior (D:7)
  An ice beast (D:7)
  A centaur (D:8)
  A killer bee (D:7)
  A howler monkey (D:6)
  A centaur skeleton (D:7)
  An iguana (D:5)
  A hound zombie (D:8)
  6 adders
  An ooze (D:1)
  A worm (D:2)
  A leopard gecko (D:4)
  5 orcs
  A giant cockroach (D:6)
  A bat (D:1)
25 creatures vanquished.

Grand Total: 154 creatures vanquished

Notes
Turn   | Place    | Note
-------+----------+-------------------------------------------
     0 | D:1      | Folque the Octopode Wizard began the quest for the Orb.
     0 | D:1      | Reached XP level 1. HP: 11/11 MP: 4/4
   191 | D:1      | Reached skill level 1 in Fighting
   197 | D:1      | Reached XP level 2. HP: 17/18 MP: 6/6
   425 | D:1      | Learned a level 2 spell: Call Imp
   428 | D:1      | Learned a level 2 spell: Blink
   636 | D:1      | Reached XP level 3. HP: 21/24 MP: 5/7
   641 | D:1      | Learned a level 3 spell: Mephitic Cloud
   981 | D:1      | Reached skill level 1 in Poison Magic
  1601 | D:2      | Reached XP level 4. HP: 29/29 MP: 9/9
  2998 | D:3      | Noticed Jessica
  3008 | D:3      | Killed Jessica
  3108 | D:3      | Reached XP level 5. HP: 34/34 MP: 4/10
  3305 | D:3      | Reached skill level 1 in Shields
  3333 | D:3      | Reached skill level 2 in Conjurations
  3820 | D:4      | Noticed Thaneod's ghost (novice MiGl)
  3996 | D:4      | Reached XP level 6. HP: 31/39 MP: 8/12
  4138 | D:4      | Found an iron altar of Okawaru.
  4286 | D:4      | Found Imecwaa's Jewellery Boutique.
  4649 | D:4      | Found Caquiclo's Food Shoppe.
  4680 | D:4      | Found Qokaru's Armour Boutique.
  4683 | D:4      | Bought a +0 buckler of reflection for 102 gold pieces
  4745 | D:5      | Entered Level 5 of the Dungeon
  4887 | D:5      | Found a staircase to the Ecumenical Temple.
  4893 | Temple   | Entered the Ecumenical Temple
  5304 | D:5      | Noticed Grinder
  5523 | D:4      | Reached skill level 3 in Conjurations
  5523 | D:4      | Reached XP level 7. HP: 45/45 MP: 6/13
  5821 | D:5      | Found a deep blue altar of Sif Muna.
  5829 | D:5      | Became a worshipper of Sif Muna the Loreminder
  6053 | D:6      | Reached skill level 4 in Conjurations
  6432 | D:6      | Found a shattered altar of Ashenzari.
  6432 | D:6      | Found an opulent altar of Gozag.
  6771 | D:6      | Noticed Eustachio
  6784 | D:6      | Killed Eustachio
  6784 | D:6      | Reached skill level 5 in Spellcasting
  6784 | D:6      | Reached XP level 8. HP: 50/50 MP: 12/15
  6917 | D:6      | Noticed a deep elf mage
  6921 | D:6      | Killed a deep elf mage
  6921 | D:6      | Reached * piety under Sif Muna
  6921 | D:6      | Reached skill level 5 in Shields
  6921 | D:6      | Reached skill level 5 in Conjurations
  6951 | D:6      | Reached skill level 6 in Conjurations
  7118 | D:7      | Found a stormy altar of Qazlal.
  7118 | D:7      | Found a sparkling altar of Nemelex Xobeh.
  7130 | D:7      | Found a glowing golden altar of the Shining One.
  7137 | D:7      | Found a deep blue altar of Sif Muna.
  7138 | D:7      | Found a radiant altar of Vehumet.
  7515 | D:7      | Reached XP level 9. HP: 37/54 MP: 6/17
  7657 | D:7      | Reached skill level 7 in Conjurations
  8205 | D:7      | Reached ** piety under Sif Muna
  8570 | D:8      | Reached skill level 8 in Conjurations
  8827 | D:8      | Mangled by a yak

Skill      XL: |  1  2  3  4  5  6  7  8  9 |
---------------+----------------------------+-----
Fighting       | 1 2 |  2.0
Poison Magic   | 1 2 3 |  3.2
Shields        | 2 3 4 5 |  5.3
Conjurations   | 2 3 4 6 8 |  8.3
Spellcasting   | 4 5 6 |  6.6
Summonings     | 2 |  2.4
Dodging        | |  2.0
Stealth        | |  2.6
Translocations | |  1.0

Action                   |  1- 3 |  4- 6 |  7- 9 || total
-------------------------+-------+-------+-------++-------
Melee: Unarmed           |    18 |       |       ||    18
       Constrict         |    22 |    26 |    41 ||    89
       Tentacles         |    12 |    16 |    27 ||    55
       Whip              |    70 |    16 |       ||    86
       Rapier            |       |    23 |       ||    23
       Dagger            |       |    24 |       ||    24
       Flail             |       |    50 |   154 ||   204
 Cast: Magic Dart        |    18 |     3 |    15 ||    36
       Call Imp          |     8 |    26 |    41 ||    75
       Mephitic Cloud    |       |    11 |    23 ||    34
       Blink             |       |     1 |    11 ||    12
Invok: Divine Energy     |       |       |     1 ||     1
  Use: Scroll            |       |     3 |       ||     3
       Potion            |       |       |     2 ||     2
 Stab: Sleeping          |     4 |    12 |     4 ||    20
       Distracted        |     1 |       |     1 ||     2
       Confused          |       |     2 |     9 ||    11
  Eat: Chunk             |     2 |    14 |    11 ||    27
       Royal jelly       |       |       |     1 ||     1
Armor: Skin              |    14 |    14 |    24 ||    52
Dodge: Dodged            |    62 |    61 |    68 ||   191
Block: Buckler           |       |     3 |    29 ||    32
       Reflection        |       |       |     1 ||     1
